 Dungeon Crawl Stone Soup version 0.24.0-13-gcf9b3192b9 (webtiles) character file.

Game seed: 565129112286360953, levelgen mode: deterministic

819 teukkam the Skirmisher (level 7, -4/63 HPs)
             Began as a Minotaur Fighter on Nov 10, 2019.
             Slain by a hound (6 damage)
             ... on level 4 of the Dungeon.
             The game lasted 00:12:25 (4062 turns).

teukkam the Skirmisher (Minotaur Fighter)           Turns: 4062, Time: 00:12:26

Health: -4/63      AC:  0    Str: 26      XL:     7   Next: 63%
Magic:  6/6        EV:  6    Int:  5      God:
Gold:   126        SH: 10    Dex:  5 (9)  Spells: 6/6 levels left

rFire    . . .     SeeInvis .   a - +0 short sword (venom)
rCold    . . .     Gourm    .   n - +0 shield
rNeg     . . .     Faith    .   m - +0 chain mail
rPois    .         Spirit   .   (helmet restricted)
rElec    .         Reflect  .   (no cloak)
rCorr    .         Harm     .   (no gloves)
MR       .....                  j - +1 pair of boots
Stlth    ..........             (no amulet)
HPRegen  0.20/turn              t - +3 ring of strength
MPRegen  0.10/turn              (no ring)

@: corroded
A: retaliatory headbutt, horns 2
a: no special abilities


You were on level 4 of the Dungeon.
You were not hungry.

You visited 1 branch of the dungeon, and saw 5 of its levels.
You also visited: Sewer.

You collected 126 gold pieces.

Inventory:

Hand Weapons
 a - a +0 short sword of venom (weapon)
 c - a +2 flail of protection
 k - a +4 falchion
 p - a +0 war axe
Missiles
 o - 25 sling bullets
 x - 13 bolts
 y - 3 javelins (quivered)
Armour
 j - a +1 pair of boots (worn)
 m - a +0 chain mail (worn)
 n - a +0 shield (worn)
Jewellery
 t - a +3 ring of strength (left hand)
Wands
 u - a wand of flame (35)
Scrolls
 b - a scroll of remove curse
 e - 2 scrolls of enchant weapon {unknown}
 h - 2 scrolls of identify {unknown}
 i - a scroll of magic mapping {unknown}
 l - a scroll of enchant armour {unknown}
 q - 2 scrolls of teleportation {unknown}
 s - a scroll of fear {unknown}
Potions
 d - 2 potions of might
Comestibles
 f - 3 rations


   Skills:
 + Level 6.0 Fighting
 + Level 3.5(4.1) Short Blades
 + Level 3.4(4.3) Long Blades
 - Level 3.3 Axes
 + Level 5.9 Armour
 + Level 6.0 Shields


You had 6 spell levels left.
You didn't know any spells.
Your spell library was empty.

Dungeon Overview and Level Annotations

Branches:
Dungeon (5/15)              Sewer (visited)
 Temple: D:4-7

Altars:
Xom

Shops:
D:4 *

Annotations:
D:5 Menkaure


Innate Abilities, Weirdness & Mutations

You reflexively headbutt those who attack you in melee.
You have a pair of horns on your head.


Message History

The hound bites you.
* * * LOW HITPOINT WARNING * * *
Okay, then.
You block the hound's attack. The hound barely misses you.
You furiously retaliate!
You headbutt the hound, but do no damage.
The hound bites you.
* * * LOW HITPOINT WARNING * * *
The hound bites you.
* * * LOW HITPOINT WARNING * * *
You hit the hound but do no damage.
The hound is poisoned.
The hound is severely wounded.
The hound bites you.
* * * LOW HITPOINT WARNING * * *
The hound bites you.
* * * LOW HITPOINT WARNING * * *
Things that are here:
a +0 robe; a +0 dagger The hound bites you.
You die...

.#.##.# #...........##........
##.##.# #.#........###.#######
##.#..### #.#............# #
........# #.######.#.##### #
##.#.##.####.######.#.# #
##.#.##.............#.# #
##.#.##.####.########.# #
........# #..#######.##### #
........# #[..[@hh.......# #
........####..#######.###.#######
.............## #....# #........
........####.# #.#### #########
.............# #.# ........######
#.# ###.......########.#
#######.........<# ############


You could see a hound and a jackal.

Vanquished Creatures
  Duvessa (D:4)
  Dowan (D:4)
  A howler monkey (D:4)
  2 jellies
  A quasit (D:4)
  2 hounds (D:4)
  2 orc priests (D:4)
  An iguana (D:4)
  2 worker ants
  3 orc wizards
  8 adders
  8 gnolls
  2 river rats (D:3)
  4 worms (D:3)
  A leopard gecko (D:5)
  10 orcs
  3 bats
  3 giant cockroaches
  3 goblins
  A hobgoblin (D:3)
  16 jackals
  5 kobolds
  A quokka (D:4)
  4 ball pythons (Sewer)
  A ball python skeleton (D:4)
  4 frilled lizards
  A jackal skeleton (D:4)
  A quokka skeleton (D:4)
  4 rats
  A plant (Sewer)
97 creatures vanquished.

Notes
Turn   | Place    | Note
-------+----------+-------------------------------------------
     0 | D:1      | teukkam the Minotaur Fighter began the quest for the Orb.
     0 | D:1      | Reached XP level 1. HP: 19/19 MP: 0/0
   344 | D:1      | Reached XP level 2. HP: 23/27 MP: 1/1
   674 | D:2      | Found a shimmering altar of Xom.
   708 | D:3      | Reached XP level 3. HP: 16/33 MP: 2/2
   874 | D:3      | Reached XP level 4. HP: 23/41 MP: 3/3
   880 | D:3      | Found a glowing drain.
  1006 | Sewer    | Entered a sewer
  1684 | D:3      | Reached skill level 1 in Short Blades
  1821 | D:3      | Reached XP level 5. HP: 40/47 MP: 4/4
  2827 | D:4      | Reached skill level 1 in Long Blades
  2830 | D:4      | Reached skill level 5 in Fighting
  2830 | D:4      | Reached skill level 5 in Armour
  2830 | D:4      | Reached skill level 5 in Shields
  2949 | D:4      | Reached XP level 6. HP: 54/56 MP: 5/5
  3341 | D:4      | Found Hoovvoyca's General Store.
  3344 | D:4      | Noticed Dowan
  3345 | D:4      | Noticed Duvessa
  3356 | D:4      | Killed Dowan
  3356 | D:4      | Reached XP level 7. HP: 58/61 MP: 6/6
  3366 | D:4      | Killed Duvessa
  3696 | D:5      | Entered Level 5 of the Dungeon
  3971 | D:5      | Noticed Menkaure
  4060 | D:4      | HP: 2/63 [hound (3)]
  4062 | D:4      | Slain by a hound

Levels and vault maps discovered:
D:1:      lemuel_arrival_hallway, layout_loops_ring
D:2:      layout_basic, xom_teletrap_fun, first_ration,
          chequers_ecumenical_altar_twisty
D:3:      layout_loops_ring, lightli_sewer_entry_pipes,
          chequers_serial_rivers_small_b
D:4:      layout_loops_ring, nicolae_overflow_hidden_temple, serial_shops, shop,
          uniq_duvessa
D:5:      layout_rooms, old_standard_altar, fedhas_altar_3, uniq_menkaure

Skill      XL: |  1  2  3  4  5  6  7 |
---------------+----------------------+-----
Fighting       | 4 5 6 |  6.0
Armour         | 4 5 |  5.9
Shields        | 4 5 6 |  6.0
Axes           | 3 |  3.3
Short Blades   | 1 2 3 |  3.5
Long Blades    | 1 2 3 |  3.4

Action                   |  1- 3 |  4- 6 |  7- 9 || total
-------------------------+-------+-------+-------++-------
Melee: War axe           |    56 |     7 |       ||    63
       Headbutt          |     5 |    40 |     6 ||    51
       Short sword       |       |   205 |    10 ||   215
       Falchion          |       |       |    40 ||    40
Throw: Javelin           |       |    13 |       ||    13
  Use: Scroll            |       |     1 |       ||     1
       Potion            |       |     7 |     1 ||     8
  Eat: Chunk             |       |     3 |     1 ||     4
       Ration            |       |     2 |       ||     2
Armor: Scale mail        |    10 |       |       ||    10
       Chain mail        |    23 |    80 |    55 ||   158
Dodge: Dodged            |    19 |    44 |    31 ||    94
Block: Shield            |    23 |    95 |    54 ||   172
       Rpst.: Falchion   |       |       |     2 ||     2
